TOP OF THE 1ST |
Put-In-Bay BC batting - Pitching for Columbia River Rats : RHP Gabriel Flowers
|
Pitching: RHP Gabriel Flowers
|
|
Batting: RHB Eduard Argelander
|
0-0: Ball 1-0: Ground out 1-3 (Groundball, P, EV 70.0 MPH)
|
Batting: LHB Javier Castro
|
0-0: Called Strike 0-1: Bunted foul 0-2: Ball 1-2: Foul Ball, location: 2F 1-2: Ball 2-2: Ground out 4-3 (Groundball, 4, EV 85.6 MPH)
|
Batting: LHB Snow Wang
|
0-0: Foul Ball, location: 2F 0-1: Ground out 1-3 (Groundball, 13, EV 85.0 MPH)
|
Top of the 1st over - 0 runs, 0 hits, 0 errors, 0 left on base; Put-In-Bay 0 - Columbia 0 |
BOTTOM OF THE 1ST |
Columbia River Rats batting - Pitching for Put-In-Bay BC : LHP Zi-cheng Pei
|
Pitching: LHP Zi-cheng Pei
|
|
Batting: RHB William Penn
|
0-0: Foul Ball, location: 2F 0-1: Foul Ball, location: 2F 0-2: Foul Ball, location: 2F 0-2: Ball 1-2: SINGLE (Line Drive, 5L, EV 108.1 MPH)
|
Batting: RHB Cleveland Kraut
|
0-0: Called Strike 0-1: Ball 1-1: Ball 2-1: Swinging Strike 2-2: SINGLE (Flyball, 89M, EV 95.6 MPH) William Penn to second Runner from 2nd tries for 3rd, SAFE, throw by RF made to third
|
Batting: SHB Dean Barthorpe
|
0-0: Ball 1-0: Swinging Strike 1-1: Ball 2-1: Ball 3-1: Foul Ball, location: 2F 3-2: Strikes out looking
|
Batting: RHB Tony Castellanos
|
0-0: Called Strike 0-1: SINGLE (Line Drive, 4MD, EV 101.2 MPH) William Penn scores Cleveland Kraut to second
|
Batting: LHB John Mayer
|
0-0: Ball 1-0: Ball 2-0: Ball 3-0: Called Strike 3-1: Base on Balls Cleveland Kraut to third Tony Castellanos to second
|
Batting: RHB Pu-feng Zhou
|
0-0: Called Strike 0-1: Ball 1-1: Grounds into double play, 4-6-3 (Groundball, 4, EV 100.6 MPH)
|
Bottom of the 1st over - 1 run, 3 hits, 0 errors, 2 left on base; Put-In-Bay 0 - Columbia 1 |
TOP OF THE 2ND |
Put-In-Bay BC batting - Pitching for Columbia River Rats : RHP Gabriel Flowers
|
Batting: LHB Sergio Morán
|
0-0: Swinging Strike 0-1: Swinging Strike 0-2: Foul Ball, location: 2F 0-2: Strikes out swinging
|
Batting: RHB Tom Hendrickson
|
0-0: Called Strike 0-1: Ground out 6-3 (Groundball, 56, EV 80.6 MPH)
|
Batting: LHB Blake Camden
|
0-0: Called Strike 0-1: Called Strike 0-2: Strikes out swinging
|
Top of the 2nd over - 0 runs, 0 hits, 0 errors, 0 left on base; Put-In-Bay 0 - Columbia 1 |
BOTTOM OF THE 2ND |
Columbia River Rats batting - Pitching for Put-In-Bay BC : LHP Zi-cheng Pei
|
Batting: RHB Cédric Causse
|
0-0: Called Strike 0-1: Swinging Strike 0-2: Ball 1-2: Ball 2-2: SINGLE (Line Drive, 4D, EV 101.9 MPH)
|
Batting: LHB Seb Considine
|
Pickoff Throw to First - Error! E1 Cédric Causse to second 0-0: Called Strike 0-1: Ball 1-1: Foul Ball, location: 2F 1-2: Foul Ball, location: 2F 1-2: Strikes out swinging
|
Batting: RHB Ryan Guengerich
|
0-0: Ball 1-0: SINGLE (Groundball, 4MS, EV 68.8 MPH) (infield hit) Cédric Causse to third
|
Batting: RHB William Penn
|
0-0: Ball 1-0: Ball 2-0: Foul Ball, location: 2F 2-1: Foul Ball, location: 2F 2-2: Ball 3-2: Base on Balls Ryan Guengerich to second
|
Batting: RHB Cleveland Kraut
|
0-0: Called Strike 0-1: Fly out, F9 (Flyball, 9, EV 80.0 MPH) Runner from 3rd tags up, SCORES, throw by RF Ryan Guengerich to third
|
Batting: SHB Dean Barthorpe
|
0-0: Ball 1-0: Foul Ball, location: 2F 1-1: Ball 2-1: Fly out, F7 (Flyball, 7LM, EV 81.9 MPH)
|
Bottom of the 2nd over - 1 run, 2 hits, 1 error, 2 left on base; Put-In-Bay 0 - Columbia 2 |
TOP OF THE 3RD |
Put-In-Bay BC batting - Pitching for Columbia River Rats : RHP Gabriel Flowers
|
Batting: RHB Martin Payton
|
0-0: Ball 1-0: Ball 2-0: Called Strike 2-1: Ball 3-1: Base on Balls
|
Batting: RHB Kent Potter
|
0-0: Called Strike 0-1: Called Strike 0-2: Foul Ball, location: 2F 0-2: Fielders Choice at 2nd, 6-4 (Groundball, 6, EV 103.1 MPH)
|
Batting: RHB Kiril Neuvel
|
0-0: Ball 1-0: Foul Ball, location: 2F 1-1: Ball 2-1: Foul Ball, location: 2F 2-2: Foul Ball, location: 2F 2-2: Foul Ball, location: 2F 2-2: DOUBLE (Flyball, 8RXD, EV 100.6 MPH) Kent Potter to third Runner from 3rd tries for Home, SAFE, no throw by CF
|
Batting: RHB Eduard Argelander
|
0-0: Ball 1-0: Foul Ball, location: 2F 1-1: Swinging Strike 1-2: Strikes out swinging
|
Batting: LHB Javier Castro
|
0-0: Called Strike 0-1: Ball 1-1: Foul Ball, location: 2F 1-2: Fly out, F7 (Flyball, 7S, EV 89.4 MPH)
|
Top of the 3rd over - 1 run, 1 hit, 0 errors, 1 left on base; Put-In-Bay 1 - Columbia 2 |
BOTTOM OF THE 3RD |
Columbia River Rats batting - Pitching for Put-In-Bay BC : LHP Zi-cheng Pei
|
Batting: RHB Tony Castellanos
|
0-0: Ball 1-0: Ball 2-0: Called Strike 2-1: SINGLE (Flyball, 78M, EV 94.4 MPH)
|
Batting: LHB John Mayer
|
0-0: Fly out, F8 (Flyball, 78XD, EV 83.1 MPH)
|
Batting: RHB Pu-feng Zhou
|
0-0: Ball Tony Castellanos steals 2nd base 1-0: Called Strike Tony Castellanos steals 3rd base 1-1: Foul Ball, location: 2F 1-2: Fly out, F7 (Line Drive, 7D, EV 88.1 MPH) Runner from 3rd tags up, SCORES, no throw by LF
|
Now in LF: Wyatt Quick
|
|
Batting: RHB Cédric Causse
|
0-0: Ground out 5-3 (Groundball, 56, EV 88.1 MPH)
|
Bottom of the 3rd over - 1 run, 1 hit, 0 errors, 0 left on base; Put-In-Bay 1 - Columbia 3 |
TOP OF THE 4TH |
Put-In-Bay BC batting - Pitching for Columbia River Rats : RHP Gabriel Flowers
|
Batting: LHB Snow Wang
|
0-0: Swinging Strike 0-1: Foul Ball, location: 2F 0-2: Ball 1-2: Foul Ball, location: 2F 1-2: Ball 2-2: Ball 3-2: Strikes out swinging
|
Batting: LHB Sergio Morán
|
0-0: Ball 1-0: Ball 2-0: Ball 3-0: Base on Balls
|
Batting: RHB Tom Hendrickson
|
0-0: Ball 1-0: Foul Ball, location: 2F 1-1: Called Strike 1-2: Foul Ball, location: 2F 1-2: Fly out, F3 (Popup, 34, EV 69.4 MPH)
|
Batting: LHB Wyatt Quick
|
0-0: Ball 1-0: Ball 2-0: Ball 3-0: Called Strike 3-1: Ground out U3 (Groundball, 3S, EV 77.5 MPH)
|
Top of the 4th over - 0 runs, 0 hits, 0 errors, 1 left on base; Put-In-Bay 1 - Columbia 3 |
BOTTOM OF THE 4TH |
Columbia River Rats batting - Pitching for Put-In-Bay BC : LHP Zi-cheng Pei
|
Batting: LHB Seb Considine
|
0-0: Called Strike 0-1: Called Strike 0-2: Ground out 5-3 (Groundball, 56, EV 83.8 MPH)
|
Batting: RHB Ryan Guengerich
|
0-0: Ball 1-0: Ball 2-0: Ball 3-0: Called Strike 3-1: Base on Balls
|
Batting: RHB William Penn
|
0-0: Ball 1-0: Grounds into double play, 5-4-3 (Groundball, 56, EV 91.9 MPH)
|
Bottom of the 4th over - 0 runs, 0 hits, 0 errors, 0 left on base; Put-In-Bay 1 - Columbia 3 |
TOP OF THE 5TH |
Put-In-Bay BC batting - Pitching for Columbia River Rats : RHP Gabriel Flowers
|
Batting: RHB Martin Payton
|
0-0: Ball 1-0: Ball 2-0: Reached on error, E6 (Groundball, 6, EV 105.0 MPH)
|
Batting: RHB Kent Potter
|
0-0: Ground out 1-3 (Groundball, 15S, EV 70.0 MPH)
|
Batting: RHB Kiril Neuvel
|
0-0: Called Strike 0-1: Called Strike 0-2: Ground out U3 (Groundball, 34S, EV 65.0 MPH) Martin Payton to third
|
Batting: RHB Eduard Argelander
|
0-0: Ball 1-0: Foul Ball, location: 2F 1-1: Foul Ball, location: 2F 1-2: Strikes out swinging
|
Top of the 5th over - 0 runs, 0 hits, 1 error, 1 left on base; Put-In-Bay 1 - Columbia 3 |
BOTTOM OF THE 5TH |
Columbia River Rats batting - Pitching for Put-In-Bay BC : LHP Zi-cheng Pei
|
Batting: RHB Cleveland Kraut
|
0-0: Ground out 6-3 (Groundball, 6, EV 91.9 MPH)
|
Batting: SHB Dean Barthorpe
|
0-0: Ball 1-0: Fly out, F8 (Flyball, 8RM, EV 75.6 MPH)
|
Batting: RHB Tony Castellanos
|
0-0: Swinging Strike 0-1: Swinging Strike 0-2: Ball 1-2: Strikes out looking
|
Bottom of the 5th over - 0 runs, 0 hits, 0 errors, 0 left on base; Put-In-Bay 1 - Columbia 3 |
TOP OF THE 6TH |
Put-In-Bay BC batting - Pitching for Columbia River Rats : RHP Gabriel Flowers
|
Batting: LHB Javier Castro
|
0-0: Ball 1-0: Bunted foul 1-1: Ground out 3-1 (Groundball, 34, EV 76.9 MPH)
|
Batting: LHB Snow Wang
|
0-0: Ball 1-0: Ball 2-0: Ball 3-0: Base on Balls
|
Batting: LHB Sergio Morán
|
0-0: Ball 1-0: Ball 2-0: Ball 3-0: Base on Balls Snow Wang to second
|
Batting: RHB Tom Hendrickson
|
0-0: Ground out U3 (Groundball, 3S, EV 88.1 MPH) Snow Wang to third Sergio Morán to second
|
Batting: LHB Wyatt Quick
|
0-0: Ball 1-0: Ball 2-0: Hit by Pitch
|
Batting: RHB Martin Payton
|
0-0: Ball 1-0: Called Strike 1-1: Fly out, F8 (Flyball, 78D, EV 94.4 MPH)
|
Top of the 6th over - 0 runs, 0 hits, 0 errors, 3 left on base; Put-In-Bay 1 - Columbia 3 |
BOTTOM OF THE 6TH |
Columbia River Rats batting - Pitching for Put-In-Bay BC : LHP Zi-cheng Pei
|
Batting: LHB John Mayer
|
0-0: Called Strike 0-1: Ball 1-1: Called Strike 1-2: Foul Ball, location: 2F 1-2: Strikes out looking
|
Batting: RHB Pu-feng Zhou
|
0-0: Ball 1-0: Swinging Strike 1-1: Swinging Strike 1-2: Strikes out looking
|
Batting: RHB Cédric Causse
|
0-0: Called Strike 0-1: Ball 1-1: Fly out, F6 (Popup, 6M, EV 80.0 MPH)
|
Bottom of the 6th over - 0 runs, 0 hits, 0 errors, 0 left on base; Put-In-Bay 1 - Columbia 3 |
TOP OF THE 7TH |
Put-In-Bay BC batting - Pitching for Columbia River Rats : RHP Gabriel Flowers
|
Batting: RHB Kent Potter
|
0-0: Foul Ball, location: 2F 0-1: Swinging Strike 0-2: SINGLE (Groundball, 56D, EV 95.0 MPH)
|
Batting: RHB Kiril Neuvel
|
0-0: Swinging Strike 0-1: Fly out, F8 (Line Drive, 8RM, EV 84.4 MPH)
|
Batting: RHB Eduard Argelander
|
0-0: Ball 1-0: Swinging Strike 1-1: Fly out, F9 (Flyball, 9S, EV 95.0 MPH)
|
Pitching: RHP António Morales
|
|
Batting: LHB Javier Castro
|
0-0: Ball 1-0: Fly out, F8 (Flyball, 89D, EV 90.0 MPH)
|
Top of the 7th over - 0 runs, 1 hit, 0 errors, 1 left on base; Put-In-Bay 1 - Columbia 3 |
BOTTOM OF THE 7TH |
Columbia River Rats batting - Pitching for Put-In-Bay BC : LHP Zi-cheng Pei
|
Pitching: LHP Luca Boccasino
|
|
Batting: LHB Seb Considine
|
0-0: Ground out 4-3 (Groundball, 4, EV 76.9 MPH)
|
Batting: RHB Ryan Guengerich
|
0-0: Ball 1-0: Foul Ball, location: 2F 1-1: SINGLE (Line Drive, 9S, EV 100.0 MPH)
|
Batting: RHB William Penn
|
0-0: Swinging Strike 0-1: SINGLE (Flyball, 8RS, EV 98.1 MPH) Ryan Guengerich to second
|
Batting: RHB Cleveland Kraut
|
0-0: Foul Ball, location: 2F 0-1: Ball 1-1: Ball 2-1: Ball 3-1: Base on Balls Ryan Guengerich to third William Penn to second
|
Batting: SHB Dean Barthorpe
|
0-0: Called Strike 0-1: Ball 1-1: Ball 2-1: Called Strike 2-2: Foul Ball, location: 2F 2-2: Foul Ball, location: 2F 2-2: Foul Ball, location: 2F 2-2: Ball 3-2: Fly out, F8 (Flyball, 78D, EV 97.5 MPH) Runner from 3rd tags up, SCORES, throw by CF
|
Batting: RHB Tony Castellanos
|
0-0: Ball 1-0: Ball 2-0: Fly out, F8 (Flyball, 89XD, EV 89.4 MPH)
|
Bottom of the 7th over - 1 run, 2 hits, 0 errors, 2 left on base; Put-In-Bay 1 - Columbia 4 |
TOP OF THE 8TH |
Put-In-Bay BC batting - Pitching for Columbia River Rats : RHP António Morales
|
Batting: LHB Snow Wang
|
0-0: Ball 1-0: Called Strike 1-1: Swinging Strike 1-2: Strikes out swinging
|
Batting: LHB Sergio Morán
|
0-0: Ball 1-0: DOUBLE (Line Drive, 78D, EV 100.6 MPH)
|
Batting: RHB Tom Hendrickson
|
0-0: Foul Ball, location: 2F 0-1: Ball 1-1: Swinging Strike 1-2: Strikes out swinging
|
Batting: LHB Wyatt Quick
|
0-0: Ball 1-0: Ball 2-0: Hit by Pitch
|
Batting: RHB Martin Payton
|
0-0: Called Strike 0-1: Ball 1-1: Foul Ball, location: 2F 1-2: Ground out 5-3 (Groundball, 56S, EV 88.1 MPH)
|
Top of the 8th over - 0 runs, 1 hit, 0 errors, 2 left on base; Put-In-Bay 1 - Columbia 4 |
BOTTOM OF THE 8TH |
Columbia River Rats batting - Pitching for Put-In-Bay BC : LHP Luca Boccasino
|
Batting: LHB John Mayer
|
0-0: Called Strike 0-1: Foul Ball, location: 2F 0-2: Foul Ball, location: 2F 0-2: Foul Ball, location: 2F 0-2: Ball 1-2: Ground out 5-3 (Groundball, 56S, EV 86.9 MPH)
|
Batting: RHB Pu-feng Zhou
|
0-0: Ball 1-0: Called Strike 1-1: Fly out, F3 (Popup, 3, EV 66.2 MPH)
|
Batting: RHB Cédric Causse
|
0-0: Ball 1-0: Fly out, F9 (Flyball, 9, EV 95.6 MPH)
|
Bottom of the 8th over - 0 runs, 0 hits, 0 errors, 0 left on base; Put-In-Bay 1 - Columbia 4 |
TOP OF THE 9TH |
Put-In-Bay BC batting - Pitching for Columbia River Rats : RHP António Morales
|
Batting: RHB Kent Potter
|
0-0: Ball 1-0: Swinging Strike 1-1: Swinging Strike 1-2: Ball 2-2: Strikes out swinging
|
Batting: RHB Kiril Neuvel
|
0-0: Called Strike 0-1: Swinging Strike 0-2: Ball 1-2: Ball 2-2: Ball 3-2: Foul Ball, location: 2F 3-2: Strikes out swinging
|
Batting: RHB Eduard Argelander
|
0-0: DOUBLE (Line Drive, 8LD, EV 106.9 MPH)
|
Pitching: RHP Micheal Smith
|
|
Batting: LHB Javier Castro
|
0-0: Ball 1-0: Fly out, F9 (Flyball, 9, EV 90.0 MPH)
|
Top of the 9th over - 0 runs, 1 hit, 0 errors, 1 left on base; Put-In-Bay 1 - Columbia 4 |
|